 Dungeon Crawl Stone Soup version 0.25-a0-1073-gf4359a17dd (webtiles) character file.

Game seed: 1048328566967173079, levelgen mode: deterministic

833998 Lugonue the Merry Centaur (level 27, -15/273 HPs)
             Began as a Centaur Hunter on May 12, 2020.
             Was the Champion of Okawaru.
             Demolished by a shard shrike (23 damage)
             ... on level 3 of Cocytus on May 14, 2020.
             The game lasted 05:58:40 (88955 turns).

Lugonue the Merry Centaur (Centaur Hunter)         Turns: 88955, Time: 05:58:49

Health: -15/273    AC: 16    Str: 27    XL:     27
Magic:  17/34      EV: 24    Int: 24    God:    Okawaru [******]
Gold:   5131       SH:  5    Dex: 20    Spells: 29/58 levels left

rFire    + + .     SeeInvis +   b - +7 lajatang of Order {silver, rMut}
rCold    + . .     Gourm    .   (shield currently unavailable)
rNeg     + + +     Faith    .   F - +2 robe of Vines {NoPotionHeal Regen+7}
rPois    +         Spirit   .   K - +0 mask of the Dragon {MR+ Slay+3 SInv}
rElec    .         Reflect  +   j - scarf {repulsion}
rCorr    .         Harm     .   P - +1 pair of gloves of the Valley {+Fly rN+ Int+3 Stlth+}
rMut     +                      O - +4 centaur barding {rC+}
MR       ++++.                  S - amulet "Docimuul" {Reflect rF++ Str+6 Dex-2 SH+5}
Stlth    +++.......             r - ring "Jatul" {rPois MR+ Int+2 Dex+6}
HPRegen  3.35/turn              o - ring of the Present {*Slow +Fly rN+++ MP-9 Int+6}
MPRegen  0.24/turn

@: studying Throwing, repel missiles, very quick
A: large, antennae 1, beak, hooves 3, clever 1, deformed body, speed 2, tough
skin 3, evolution 1
}: 5/15 runes: decaying, serpentine, slimy, silver, iron
a: Heroism, Finesse, Renounce Religion, Evoke Flight


You were on level 3 of Cocytus.
You worshipped Okawaru.
Okawaru was exalted by your worship.
You were hungry.

You visited 16 branches of the dungeon, and saw 71 of its levels.
You visited the Abyss 2 times.
You visited 1 bazaar.
You also visited: Desolation.

You collected 14361 gold pieces.
You spent 9230 gold pieces at shops.

Inventory:

Hand Weapons
 a - the +8 longbow of Ymoskav {flame, rPois rN+}
   (You acquired it on level 5 of the Lair of Beasts)

   It causes projectiles fired from it to burn those they strike, causing extra
   injury to most foes and up to half again as much damage against particularly
   susceptible opponents.
   It protects you from poison.
   It protects you from negative energy.
 b - the +7 lajatang of Order (weapon) {silver, rMut}
   (You took it off a vampire knight on level 2 of the Crypt)

   It protects you from mutation.
Missiles
 M - 738 arrows
Armour
 j - a scarf of repulsion (worn)
 y - a +1 pair of gloves of archery
 F - the +2 robe of Vines (worn) {NoPotionHeal Regen+7}
   (You found it on level 7 of the Dungeon)

   It increases your rate of regeneration.
 K - the +0 mask of the Dragon (worn) {MR+ Slay+3 SInv}
   (You bought it in a shop in a bazaar)

   It affects your accuracy and damage with ranged weapons and melee attacks
   (+3).
   It affects your resistance to hostile enchantments.
   It lets you see invisible.
 O - a +4 centaur barding of cold resistance (worn)
 P - the +1 pair of gloves of the Valley (worn) {+Fly rN+ Int+3 Stlth+}
   (Okawaru gifted it to you on level 1 of the Elven Halls)

   It affects your intelligence (+3).
   It protects you from negative energy.
   It lets you fly.
   It makes you more stealthy.
Magical Staves
 V - an uncursed staff of fire
 Y - an uncursed staff of wizardry
Jewellery
 e - an uncursed ring of protection from cold
 n - a +5 ring of protection
 o - the ring of the Present (right hand) {*Slow +Fly rN+++ MP-9 Int+6}
   (You found it in the Desolation of Salt)

   [ring of flight]

   It affects your intelligence (+6).
   It renders you almost immune to negative energy.
   It affects your magic capacity (-9).
   It lets you fly.
   It may slow you when you take damage.
 r - the ring "Jatul" (left hand) {rPois MR+ Int+2 Dex+6}
   (You acquired it on level 2 of the Abyss)

   [ring of poison resistance]

   It affects your intelligence (+2).
   It affects your dexterity (+6).
   It protects you from poison.
   It affects your resistance to hostile enchantments.
 S - the amulet "Docimuul" (around neck) {Reflect rF++ Str+6 Dex-2 SH+5}
   (You found it in the Desolation of Salt)

   [amulet of reflection]

   It shields you and reflects attacks.
   It affects your strength (+6).
   It affects your dexterity (-2).
   It greatly protects you from fire.
   It affects your SH (+5).
Wands
 h - a wand of random effects (18)
 v - a wand of flame (11)
 w - a wand of polymorph (10)
 H - a wand of iceblast (6)
 J - a wand of clouds (5)
 R - a wand of acid (46)
Scrolls
 g - 15 scrolls of amnesia
 p - 32 scrolls of remove curse
 q - a scroll of summoning
 s - 13 scrolls of teleportation
 I - 8 scrolls of immolation
 L - 26 scrolls of identify
 N - 9 scrolls of fog
 X - 2 scrolls of magic mapping
Potions
 c - 2 potions of haste
 d - 3 potions of brilliance
 i - 5 potions of resistance
 k - 2 potions of flight
 l - 14 potions of curing
 t - 4 potions of mutation
 u - a potion of stabbing
 x - 2 potions of magic
 C - 11 potions of heal wounds
 G - 10 potions of invisibility
 Z - 2 potions of ambrosia
Books
 D - a manual of Throwing
Miscellaneous
 z - the horn of Geryon
 A - 7 phantom mirrors
Comestibles
 f - 73 rations


   Skills:
 O Level 27 Fighting
   Level 4.1 Short Blades
   Level 0.1(9.2) Maces & Flails
 - Level 13.9(14.0) Staves
 O Level 27 Bows
 - Level 3.0 Armour
 - Level 20.3 Dodging
 - Level 1.4 Stealth
 - Level 4.5 Unarmed Combat
 + Level 16.3 Spellcasting
 + Level 18.0 Fire Magic
 - Level 18.1 Invocations
 - Level 5.3 Evocations


You had 29 spell levels left.
You knew the following spells:

 Your Spells              Type           Power        Failure   Level  Hunger
a - Ignition              Fire           #######...   12%         8    #######
b - Starburst             Conj/Fire      ######....   11%         6    ####...
c - Fireball              Conj/Fire      ######....   1%          5    #......
d - Inner Flame           Hex/Fire       ######..     1%          3    None
e - Ring of Flames        Chrm/Fire      ######....   52%         7    ######.

Your spell library contained the following spells:

 Spells                   Type           Power        Failure   Level  Hunger
 Foxfire                  Conj/Fire      ####         1%          1    None
 Conjure Flame            Conj/Fire      ######..     1%          3    None
 Ignite Poison            Fire/Tmut/Pois #####...     1%          3    None
 Sticky Flame             Conj/Fire      ######..     1%          4    None
 Animate Skeleton         Necr           N/A          2%          1    None
 Apportation              Tloc           ###...       2%          1    None
 Beastly Appendage        Tmut           ###...       2%          1    None
 Corona                   Hex            ###....      2%          1    None
 Freeze                   Ice            ###.         2%          1    None
 Infusion                 Chrm           ###.         2%          1    None
 Magic Dart               Conj           ###.         2%          1    None
 Pain                     Necr           ###.         2%          1    None
 Sandblast                Erth           ###...       2%          1    None
 Shock                    Conj/Air       ###.         2%          1    None
 Summon Butterflies       Summ           ###.....     2%          1    None
 Summon Small Mammal      Summ           ###.         2%          1    None
 Blink                    Tloc           N/A          4%          2    None
 Call Imp                 Summ           ###.....     4%          2    None
 Ensorcelled Hibernation  Hex/Ice        ###...       4%          2    None
 Passwall                 Tmut/Erth      ###.....     4%          2    None
 Poisonous Vapours        Pois/Air       ###...       4%          2    None
 Searing Ray              Conj           ###...       4%          2    None
 Shroud of Golubria       Chrm/Tloc      ###...       4%          2    None
 Slow                     Hex            ###.....     4%          2    None
 Song of Slaying          Chrm           ###.....     4%          2    None
 Sticks to Snakes         Tmut           ###.....     4%          2    None
 Swiftness                Chrm/Air       ###.....     4%          2    None
 Call Canine Familiar     Summ           ###.....     9%          3    None
 Confusing Touch          Hex            ###.....     9%          3    None
 Dazzling Flash           Conj/Hex       ###...       9%          3    None
 Frozen Ramparts          Ice            ###...       9%          3    None
 Gell's Gravitas          Tloc           ###.......   9%          3    None
 Lesser Beckoning         Tloc           ###.......   9%          3    None
 Ozocubu's Armour         Chrm/Ice       ###.....     9%          3    None
 Portal Projectile        Hex/Tloc       ###...       9%          3    None
 Recall                   Summ/Tloc      N/A          9%          3    None
 Spectral Weapon          Hex/Chrm       ###.....     9%          3    None
 Spider Form              Tmut/Pois      ###.......   9%          3    None
 Static Discharge         Conj/Air       ###.....     9%          3    None
 Stone Arrow              Conj/Erth      ###...       9%          3    None
 Summon Guardian Golem    Hex/Summ       ###.....     9%          3    None
 Teleport Other           Tloc           ###.....     9%          3    None
 Tukima's Dance           Hex            ###.....     9%          3    None
 Vampiric Draining        Necr           ###.......   9%          3    None
 Fulminant Prism          Conj/Hex       ###.......   26%         4    None
 Hailstorm                Conj/Ice       ###.....     26%         4    None
 Iskenderun's Mystic Bla  Conj/Tloc      ###.....     26%         4    None
 Airstrike                Air            ###.......   28%         4    None
 Animate Dead             Necr           N/A          28%         4    None
 Cause Fear               Hex            ###.......   28%         4    None
 Dispel Undead            Necr           ###.....     28%         4    None
 Ice Form                 Ice/Tmut       ###.....     28%         4    None
 Leda's Liquefaction      Hex/Erth       ###.......   28%         4    None
 Passage of Golubria      Tloc           N/A          28%         4    None
 Petrify                  Tmut/Erth      ###.....     28%         4    None
 Summon Ice Beast         Ice/Summ       ###.....     28%         4    None
 Summon Lightning Spire   Summ/Air       ###.....     28%         4    None
 Irradiate                Conj/Tmut      ###.......   58%         5    #......
 Lightning Bolt           Conj/Air       ###.......   58%         5    #......
 Agony                    Necr           ###.....     61%         5    #......
 Alistair's Intoxication  Tmut/Pois      ###.....     61%         5    #......
 Aura of Abjuration       Summ           ###.......   61%         5    #......
 Blade Hands              Tmut           ###.......   61%         5    #......
 Borgnjor's Vile Clutch   Necr/Erth      ###.......   61%         5    #......
 Lee's Rapid Deconstruct  Erth           ###.......   61%         5    #......
 Metabolic Englaciation   Hex/Ice        ###.......   61%         5    #......
 Silence                  Hex/Air        ###.......   61%         5    #......
 Summon Demon             Summ           ###.......   61%         5    #......
 Summon Forest            Summ/Tloc      ###.......   61%         5    #......
 Summon Mana Viper        Hex/Summ       ###.....     61%         5    #......
 Conjure Ball Lightning   Conj/Air       ###.......   99%         6    ####...
 Darkness                 Hex            ###.......   99%         6    ####...
 Dispersal                Tloc           ###.......   99%         6    ####...
 Freezing Cloud           Conj/Ice/Air   ###.......   99%         6    ####...
 Hydra Form               Tmut           ###.......   99%         6    ####...
 Invisibility             Hex            ###.....     99%         6    ####...
 Ozocubu's Refrigeration  Ice            ###.......   99%         6    ####...
 Shadow Creatures         Summ           N/A          99%         6    ####...
 Simulacrum               Ice/Necr       ###.......   99%         6    ####...
 Statue Form              Tmut/Erth      ###......    99%         6    ####...
 Dragon Form              Tmut           ###.......   100%        7    ######.
 Summon Hydra             Summ           ###.......   100%        7    ######.
 Chain Lightning          Conj/Air       ###.......   100%        8    #######
 Controlled Blink         Tloc           N/A          100%        8    #######
 Disjunction              Tloc           ###.......   100%        8    #######
 Lehudib's Crystal Spear  Conj/Erth      ###.......   100%        8    #######
 Absolute Zero            Ice            ###.......   100%        9    #######
 Dragon's Call            Summ           ###.......   100%        9    #######
 Fire Storm               Conj/Fire      ######....   100%        9    #######
 Shatter                  Erth           ###.......   100%        9    #######
 Tornado                  Air            ###.......   100%        9    #######


Dungeon Overview and Level Annotations

Branches:
Dungeon (15/15)            Temple (1/1) D:6            Lair (6/6) D:9
  Swamp (4/4) Lair:3        Snake (4/4) Lair:4        Slime (5/5) Lair:5
    Orc (2/2) D:11            Elf (3/3) Orc:2        Vaults (5/5) D:14
  Crypt (3/3) Vaults:3       Tomb (0/3) Crypt:3      Depths (5/5) D:15
   Hell (visited)             Dis (7/7) Hell            Geh (5/7) Hell
    Coc (4/7) Hell            Tar (0/7) Hell            Zot (3/5) Depths:5
Desolation (visited)

Altars:
Ashenzari
Cheibriados
Dithmenos
Elyvilon
Fedhas
Gozag
Hepliaklqana
Kikubaaqudgha
Makhleb
Nemelex Xobeh
Okawaru
Qazlal
Ru
Sif Muna
Trog
Uskayaw
Vehumet
Wu Jian
Xom
Yredelemnul
Zin
The Shining One
Jiyva
Lugonu

Shops:
D:5 *   D:8 [   Orc:2 *!=[   Elf:2 (   Vaults:3 !   Vaults:5 **
Depths:1 ??=}?   Depths:4 }?(*

Portals:
Hell: Depths:1 Depths:2 Depths:3 Depths:4 Depths:5
Abyss: Depths:1 Depths:3 Depths:4 Depths:5
Pandemonium: Depths:1 Depths:3
Ziggurat: Depths:3
Bazaar: Depths:2

Annotations:
Lair:4 3 runed translucent doors, Oseuty Gilid's ghost, journeyman TrMo
Elf:1 6 runed translucent doors
Depths:3 1 exclusion
Depths:4 exclusion: ice statue


Innate Abilities, Weirdness & Mutations

You have hooves in place of feet.
Armour fits poorly on your strangely shaped body.
You cover ground very quickly.
You have extremely tough skin. (AC +3)
You have a pair of small antennae on your head.
You have a beak for a mouth.
Your mind is acute. (Int +2)
You evolve.


Message History

The fireball engulfs the flying skull!
The flying skull resists.
The flying skull is heavily damaged.
The fireball engulfs the ice beast!!!
The ice beast melts!
You kill the ice beast!
Okawaru accepts your kill.
You are feeling hungry.
You hear a hideous shriek!
The shard shrike spits a shard of ice at you.
The shard of ice hits you!!! You partially resist.
* * * LOW HITPOINT WARNING * * *
The shard shrike spits a shard of ice at you.
The shard of ice misses you.
The shard of ice hits the flying skull!!
The flying skull partially resists.
The flying skull is destroyed!
Your Fire Magic skill increases to level 18!
The shard shrike claws you.
* * * LOW HITPOINT WARNING * * *
The shard shrike freezes you!! You resist.
You die...

≈≈≈≈≈≈..≈≈..)..... #
..≈≈≈≈≈≈≈≈≈≈.).§§.... ≈≈≈≈..# #.
.≈≈....≈≈≈≈≈§≈§§.... ≈≈≈≈..#
#..#§........≈≈≈≈§≈≈...
≈≈≈...###..#§........≈≈≈§≈≈≈≈≈≈
≈≈...#...≈≈§...##z.≈≈Z....≈≈≈≈
####≈.......≈≈....#...≈≈.).......
...#≈......≈≈≈.b.##b..≈..........
....≈≈.....≈≈≈..@#.)..≈≈.........
.>...YE≈..≈≈≈...b....≈≈≈≈≈≈Z.....
zz....W≈≈.≈≈≈.......≈≈≈≈≈≈≈≈≈≈≈.≈
........≈≈≈≈#.......≈≈....≈≈≈≈≈≈≈
.........≈≈≈#))....≈≈.........≈≈≈
..........≈≈......≈≈≈≈...........
...........≈≈...≈≈≈≈≈≈≈≈.........
............≈##≈≈..≈≈≈≈≈≈........
............≈≈≈≈.......≈≈≈≈.....≈


You could see 2 shard shrikes.

Vanquished Creatures
  the Royal Jelly (Slime:5)
  the Serpent of Hell (Dis:7)
  Dispater (Dis:7)
  An orb of fire (Zot:3)
  3 ancient liches
  2 juggernauts (Depths:5)
  Boris (thrice) (Vaults:5 Depths:1 Depths:3)
  A Killer Klown (Zot:2)
  Frederick (Depths:5)
  2 shard shrikes
  A curse toe (Zot:3)
  Margery (Vaults:2)
  Xtahua (Vaults:2)
  Geryon (Hell)
  2 caustic shrikes (Depths:5)
  8 golden dragons
  A profane servitor (Abyss:3)
  Jory (Vaults:5)
  7 bone dragons
  the Enchantress (Depths:3)
  4 iron giants
  6 Brimstone Fiends
  2 electric golems (Zot:1)
  3 Tzitzimimeh
  7 Hell Sentinels (Dis:7)
  10 tentacled monstrosities
  10 liches
  16 titans
  2 deep elf master archers (Elf:3)
  6 Ice Fiends
  2 Executioners (Abyss:4)
  21 acid blobs
  Asterion (Snake:4)
  13 quicksilver dragons
  2 deep elf blademasters (Elf:3)
  3 death cobs (Zot:2)
  20 tentacled starspawn
  8 ancient champions
  2 thorn hunters
  7 sphinxes
  Kirke (Snake:1)
  19 storm dragons
  Agnes (Elf:2)
  8 tengu reavers
  3 revenants
  15 shadow dragons
  2 daevas
  4 draconian monks
  14 fire giants
  2 draconian knights
  16 azure jellies (Slime:5)
  An orc warlord (Vaults:4)
  6 nagarajas (Snake:4)
  4 deep elf sorcerers
  12 iron dragons
  12 frost giants
  An imperial myrmidon (Desolation)
  6 draconian scorchers
  11 vault wardens
  6 deep elf elementalists
  Aizul (Snake:1)
  Louise (Snake:4)
  2 cacodemons
  3 draconian shifters
  2 draconian stormcallers
  6 ironheart preservers
  2 curse skulls
  An angel (Abyss:3)
  6 spriggan defenders
  8 ghouls
  A draconian annihilator (Zot:1)
  25 reapers
  An ophan (Abyss:1)
  15 stone giants
  20 very ugly things
  27 war gargoyles
  2 entropy weavers
  3 green draconians
  A lorocyproca (Hell)
  7 black draconians
  9 vampire knights
  7 deep elf demonologists
  2 halazid warlocks (Desolation)
  7 purple draconians
  7 deep elf annihilators
  5 red draconians
  5 spark wasps
  5 white draconians
  8 yellow draconians
  12 ettins
  5 blizzard demons
  4 eidola
  A spectral quicksilver dragon (Crypt:3)
  13 death oozes
  6 fire dragons
  6 jiangshi
  6 deep elf high priests
  3 crystal guardians (Desolation)
  7 ragged hierophants (Desolation)
  2 quicksilver dragon zombies
  2 green deaths
  16 yaktaur captains
  8 deep elf death magi
  16 ice dragons
  8 servants of whispers (Desolation)
  18 great orbs of eyes
  10 rakshasas
  13 naga warriors
  Fannar (Lair:2)
  3 quicksilver dragon skeletons
  9 spriggan air magi
  21 hydras
  31 vault guards
  3 peacekeepers (Desolation)
  3 ghost crabs
  5 death knights
  A hell beast (Dis:7)
  3 shambling mangroves
  18 deep troll shamans
  20 anacondas
  34 two-headed ogres
  29 dancing weapons
  2 spectral stone giants (Crypt:3)
  2 tengu warriors
  14 alligators
  18 hell hogs
  8 centaur warriors
  7 vampire magi
  8 ogre magi
  23 thrashing horrors
  11 spriggan berserkers
  4 titan zombies
  14 iron golems
  5 naga sharpshooters
  7 deep troll earth magi
  A spectral dire elephant (Crypt:3)
  9 shock serpents
  4 storm dragon zombies
  24 deep elf knights
  4 death yaks (Lair:3)
  2 orc high priests
  7 sun demons
  Sonja (Lair:2)
  A fire crab (Lair:5)
  Urug (Lair:1)
  2 titan skeletons
  3 spatial maelstroms
  2 golden dragon zombies
  3 storm dragon skeletons
  3 ghost moth zombies
  44 hell knights
  29 skeletal warriors
  13 soul eaters
  19 iron trolls
  4 sixfirhies
  A death drake (Swamp:4)
  19 wretched stars
  8 salamander mystics
  4 unseen horrors
  7 swamp dragons
  26 deep trolls
  An iron giant zombie (Crypt:3)
  15 wizards
  23 shadow wraiths
  3 shadow demons (Depths:3)
  5 anaconda zombies
  2 spriggan druids (Swamp:4)
  3 wolf spider zombies (Dis:4)
  83 starcursed masses
  6 glowing orange brains
  17 phantasmal warriors
  10 naga ritualists
  14 deep elf archers
  2 spectral hydras (Swamp:4)
  10 flayed ghosts
  A golden dragon skeleton (Dis:4)
  An anaconda skeleton (Coc:4)
  24 ironbrand convokers
  7 shadow dragon zombies
  A spectral iron dragon (Crypt:3)
  4 harpies
  57 deep elf magi
  9 fire giant zombies
  6 frost giant zombies
  4 lindwurms (Snake:4)
  13 necromancers
  6 orc sorcerers
  7 shining eyes
  A cyclops (shapeshifter) (Vaults:5)
  17 orc knights
  A spectral alligator (Crypt:3)
  6 worldbinders
  16 mana vipers
  4 stone giant zombies
  14 moths of wrath
  A manticore (D:13)
  2 oklob plants (Lair:6)
  3 wolf spiders
  5 cyclopes
  A shadow dragon skeleton (Coc:3)
  24 ugly things
  An iron dragon skeleton (Geh:1)
  84 slime creatures
  2 guardian serpents (shapeshifter) (Depths:4)
  22 salamanders
  51 black mambas
  12 guardian serpents
  2 dire elephant zombies (Geh:1)
  2 frost giant skeletons
  27 rust devils
  A black mamba (shapeshifter) (Abyss:3)
  A fire giant skeleton (Geh:1)
  13 elephants
  6 apocalypse crabs
  16 vault sentinels
  4 eyes of devastation
  2 molten gargoyles
  16 smoke demons
  20 naga magi
  14 hellions
  3 spiny frogs (shapeshifter)
  2 stone giant skeletons
  3 ice statues
  31 spiny frogs
  2 shock serpent skeletons
  A green draconian zombie (Crypt:3)
  4 orange demons
  A dire elephant skeleton (Geh:2)
  A gargoyle (D:13)
  A kobold demonologist (D:9)
  3 centaur skeletons
  A rime drake (Lair:5)
  5 efreet
  4 yaktaurs (shapeshifter)
  An emperor scorpion zombie (Dis:2)
  4 komodo dragons
  73 yaktaurs
  2 anaconda simulacra
  8 demonic crawlers
  17 ice devils
  A rime drake (shapeshifter) (Elf:2)
  30 tormentors
  27 freezing wraiths
  3 swamp worm zombies (Swamp:4)
  The ghost of milk the Protected, an amateur MiFi of Qazlal (D:4)
  15 ancient zymes
  A minotaur zombie (Dis:1)
  A polar bear (shapeshifter) (Vaults:1)
  3 harpy zombies
  A hellwing (Abyss:3)
  A meliai (shapeshifter) (Depths:3)
  3 meliai (D:13)
  A polar bear (Lair:2)
  9 hydra zombies
  A yaktaur skeleton (Vaults:3)
  10 tyrant leeches
  15 red devils
  A tengu conjurer (Depths:2)
  4 guardian mummies (Crypt:3)
  8 trolls
  10 bog bodies
  16 hornets
  5 hydra skeletons
  29 blink frogs
  48 saltlings (Desolation)
  A hippogriff (shapeshifter) (Depths:2)
  7 alligator zombies
  2 hornets (shapeshifter)
  2 spectral swamp dragons (Swamp:4)
  A dream sheep (shapeshifter) (Depths:2)
  7 hippogriffs
  A fire giant simulacrum (Vaults:2)
  49 raiju
  22 dream sheep
  5 ice dragon zombies
  2 ettin zombies
  An air elemental (Elf:2)
  7 redbacks
  2 fire dragon skeletons
  A black mamba zombie (Dis:4)
  60 flying skulls
  28 shadows
  3 spriggans (shapeshifter)
  54 yaks
  3 alligator skeletons
  15 water elementals
  5 ettin skeletons
  4 vampires
  2 hogs (Snake:1)
  2 wyverns
  A hog (shapeshifter) (Depths:5)
  3 fire bats (Abyss:5)
  14 ynoxinuls
  6 basilisks
  13 fire elementals
  8 spriggans
  2 tarantellas (Vaults:5)
  A yak (shapeshifter) (Depths:5)
  29 wraiths
  5 humans (D:14)
  A wind drake skeleton (Crypt:3)
  17 neqoxecs
  9 golden eyes
  3 chaos spawn
  8 hungry ghosts
  44 large abominations
  12 vampire mosquitoes
  3 wargs
  14 swamp worms
  39 nagas
  16 insubstantial wisps
  10 spatial vortices (Abyss:1)
  An infernal demonspawn zombie (Crypt:2)
  An acid dragon (D:6)
  Duvessa (D:4)
  A two-headed ogre skeleton (Crypt:3)
  2 floating eyes (shapeshifter)
  8 porcupines
  A soldier ant (D:14)
  2 spiny frog zombies
  A spectral troll (Crypt:3)
  16 water moccasins
  2 floating eyes
  2 hydra simulacra (Hell)
  58 hell hounds
  6 swamp drakes
  14 phantoms
  4 spiny frog skeletons
  7 eyes of draining
  3 human zombies
  15 ice beasts
  A black bear (shapeshifter) (Abyss:4)
  An alligator simulacrum (Hell)
  A fire dragon simulacrum (Abyss:5)
  46 orc warriors
  A manticore zombie (Dis:7)
  9 necrophages
  3 sky beasts
  A tengu (shapeshifter) (Depths:5)
  An ettin simulacrum (Vaults:3)
  An ice dragon simulacrum (Coc:1)
  13 boggarts
  18 ogres
  A snapping turtle zombie (Geh:2)
  25 centaurs
  2 swamp dragon zombies (Swamp:4)
  8 wolves
  An eye of draining (shapeshifter) (Vaults:3)
  11 crocodiles
  A snapping turtle skeleton (Coc:2)
  A rime drake zombie (Crypt:2)
  10 big kobolds
  22 bullfrogs
  4 earth elementals
  Dowan (D:4)
  A wyvern skeleton (D:14)
  A troll zombie (Geh:1)
  A water moccasin skeleton (D:7)
  3 scorpions
  A spriggan zombie (Dis:4)
  A warg skeleton (Crypt:2)
  An elf simulacrum (Vaults:3)
  10 killer bees
  3 electric eels
  73 wights
  8 howler monkeys
  18 crimson imps
  A bullfrog zombie (D:7)
  26 small abominations
  5 quasits
  6 hounds
  21 iron imps
  5 jellies
  23 orc priests
  A bullfrog skeleton (D:12)
  8 iguanas
  A demonspawn skeleton (Crypt:2)
  11 worker ants
  7 hell rats (Lair:6)
  38 orc wizards
  A porcupine skeleton (Crypt:3)
  A big kobold zombie (Crypt:3)
  A naga zombie (Dis:4)
  2 hound zombies (D:5)
  A worker ant zombie (D:6)
  2 mummies
  Robin (D:2)
  A howler monkey skeleton (Crypt:3)
  8 gnolls
  A swamp drake zombie (Swamp:4)
  11 adders
  7 shadow imps
  13 white imps
  6 ufetubi
  2 adder skeletons (D:9)
  3 worms
  A dart slug (D:1)
  6 leopard geckos
  91 orcs
  7 giant cockroaches
  9 goblins
  16 hobgoblins
  5 jackals
  38 kobolds
  5 ball pythons
  5 bats
  A dart slug zombie (Crypt:2)
  2 frilled lizards
  A giant cockroach zombie (Crypt:2)
  A kobold simulacrum (Abyss:1)
  10 kobold skeletons (D:9)
  8 kobold zombies (D:9)
  2 quokka zombies
  10 rats
  A spectral orc (D:3)
  2 crawling corpses (Elf:3)
  4 lurking horrors
  2 plants
  11 starspawn tentacles
3800 creatures vanquished.

Vanquished Creatures (collateral kills)
  An acid blob (Slime:5)
  A reaper (Dis:4)
  2 spectral hydras (Swamp:4)
  A freezing wraith (Dis:4)
  A hydra zombie (Swamp:4)
  A spectral swamp dragon (Swamp:4)
  2 swamp dragon zombies (Swamp:4)
  A phantom (Dis:4)
  2 killer bees (D:11)
  2 crimson imps (Hell)
14 creatures vanquished.

Vanquished Creatures (others)
  A vault guard (D:14)
  A hell hog (Geh:1)
  A large abomination (Abyss:5)
  A black mamba (Snake:1)
  A rust devil (Dis:7)
  A queen bee (D:11)
  A blink frog (Swamp:4)
  A tyrant leech (Swamp:4)
  3 flying skulls
  A water elemental (Depths:2)
  4 killer bees (D:11)
  2 humans
  4 insubstantial wisps (Swamp:4)
  3 wights (Geh:1)
  A white imp (Abyss:1)
  A kobold (D:4)
  9 fungi
  3 lurking horrors
  35 plants
  28 starspawn tentacles
  6 toadstools (Depths:1)
108 creatures vanquished.

Grand Total: 3922 creatures vanquished

Notes
Turn   | Place    | Note
-------+----------+-------------------------------------------
     0 | D:1      | Lugonue the Centaur Hunter began the quest for the Orb.
     0 | D:1      | Reached XP level 1. HP: 17/17 MP: 1/1
   252 | D:1      | Reached XP level 2. HP: 23/24 MP: 2/2
   847 | D:2      | Reached XP level 3. HP: 26/29 MP: 3/3
  1042 | D:2      | Reached skill level 1 in Armour
  1061 | D:2      | Noticed Robin
  1071 | D:2      | Reached XP level 4. HP: 36/36 MP: 4/4
  1117 | D:2      | Killed Robin
  1482 | D:2      | Reached skill level 1 in Short Blades
  1820 | D:2      | Found a bloodstained altar of Trog.
  1862 | D:2      | Reached XP level 5. HP: 37/42 MP: 5/5
  1960 | D:2      | Found a glowing golden altar of the Shining One.
  2755 | D:3      | Found a basalt altar of Yredelemnul.
  3297 | D:3      | Found an ancient bone altar of Kikubaaqudgha.
  3302 | D:3      | Found a shimmering blue altar of Sif Muna.
  3303 | D:3      | Found a radiant altar of Vehumet.
  3309 | D:3      | Identified Vehumet's Tome of Confrontation
  3379 | D:4      | Noticed a phantom
  3384 | D:4      | Noticed Duvessa
  3606 | D:4      | Reached XP level 6. HP: 30/50 MP: 6/6
  4142 | D:4      | Gained mutation: You are weak. (Str -2) [potion of
                  | mutation]
  4142 | D:4      | Gained mutation: You are robust. (+10% HP) [potion of
                  | mutation]
  4142 | D:4      | Gained mutation: You have a pair of small antennae on your
                  | head. [potion of mutation]
  4411 | D:3      | Reached skill level 1 in Stealth
  4576 | D:4      | Found a runed translucent gate.
  4576 | D:4      | Found a runed translucent gate.
  4576 | D:4      | Found a runed translucent gate.
  4576 | D:4      | Identified the +6 short sword "Usozes" {chaos, Int+4}
  4637 | D:4      | Noticed Dowan
  4654 | D:4      | Killed Duvessa
  4654 | D:4      | Reached XP level 7. HP: 29/61 MP: 7/7
  5046 | D:5      | Entered Level 5 of the Dungeon
  5635 | D:5      | Found a blossoming altar of Fedhas.
  5734 | D:5      | Found a shattered altar of Ashenzari.
  5918 | D:5      | Found an opulent altar of Gozag.
  5919 | D:5      | Found Gozag's Platinum Reserve.
  6498 | D:6      | Reached XP level 8. HP: 21/72 MP: 8/8
  6982 | D:6      | Found a staircase to the Ecumenical Temple.
  6998 | D:6      | Reached skill level 1 in Evocations
  7388 | D:6      | Found a sparkling altar of Nemelex Xobeh.
  8231 | D:7      | Reached skill level 10 in Bows
  8427 | D:7      | Noticed a two-headed ogre
  8520 | D:7      | Killed a two-headed ogre
  8520 | D:7      | Reached skill level 5 in Fighting
  8520 | D:7      | Reached XP level 9. HP: 78/81 MP: 10/10
  8762 | D:7      | Paralysed by a hornet for 1 turns
  8765 | D:7      | Paralysed by a hornet for 1 turns
  8785 | D:7      | HP: 4/81 [poisoned by a hornet]
  8790 | D:7      | HP: 3/81 [poisoned by a hornet]
  8795 | D:7      | HP: 2/81 [poisoned by a hornet]
  8803 | D:7      | HP: 2/81 [poisoned by a hornet]
  9195 | D:7      | Found the +3 giant club "Skullcrusher" {speed, Str+7}
  9196 | D:7      | Got a brightly glowing lapis lazuli ring
  9208 | D:7      | Identified the ring of Tithrupt {rCorr Dex+3} (You found it
                  | on level 7 of the Dungeon)
  9226 | D:7      | Noticed a purple ugly thing
  9244 | D:7      | Noticed a troll
  9505 | D:7      | Killed a troll
  9514 | D:7      | Killed a purple ugly thing
  9887 | D:7      | Found the +2 robe of Vines {NoPotionHeal Regen+7}
 10191 | D:7      | Reached XP level 10. HP: 66/89 MP: 11/11
 11002 | D:8      | Found Kobiv Estu's Antique Armour Emporium.
 11018 | D:8      | Bought a cloak for 144 gold pieces
 11035 | D:8      | Noticed an angel
 11037 | D:8      | Found a shimmering altar of Xom.
 11039 | D:8      | Found a glowing silver altar of Zin.
 11331 | D:8      | Reached skill level 15 in Bows
 11565 | Temple   | Entered the Ecumenical Temple
 11600 | Temple   | Became a worshipper of Warmaster Okawaru
 11676 | D:7      | Noticed a deep elf mage
 11690 | D:7      | Killed a deep elf mage
 11800 | D:9      | Reached * piety under Okawaru
 12244 | D:10     | Entered Level 10 of the Dungeon
 12736 | D:10     | Noticed a two-headed ogre
 12800 | D:10     | Killed a two-headed ogre
 12800 | D:10     | Reached ** piety under Okawaru
 12800 | D:10     | Reached skill level 1 in Unarmed Combat
 12920 | D:10     | Reached *** piety under Okawaru
 13120 | D:10     | Reached XP level 11. HP: 99/99 MP: 12/12
 13997 | D:11     | Reached **** piety under Okawaru
 14037 | D:11     | Found a staircase to the Orcish Mines.
 14270 | D:11     | Received a gift from Okawaru
 14577 | D:12     | Noticed a red ugly thing
 14600 | D:12     | Killed a white ugly thing
 14702 | D:12     | Noticed a two-headed ogre
 14722 | D:12     | Killed a two-headed ogre
 15582 | D:12     | Killed an unseen horror
 15582 | D:12     | Reached ***** piety under Okawaru
 15655 | D:12     | Received a gift from Okawaru
 16054 | D:13     | Found a flickering gateway to a bazaar.
 16103 | D:13     | Noticed an orc knight
 16278 | D:13     | Received a gift from Okawaru
 16303 | D:13     | Reached XP level 12. HP: 100/116 MP: 13/13
 16416 | D:13     | Reached skill level 10 in Fighting
 16462 | D:13     | Found a white marble altar of Elyvilon.
 16556 | D:13     | Received a gift from Okawaru
 16559 | D:13     | Got a scorched centaur barding {god gift}
 16565 | D:13     | Identified the +2 centaur barding of Liberty {Str+3}
                  | (Okawaru gifted it to you on level 13 of the Dungeon)
 17359 | D:14     | Noticed a vault guard
 17359 | D:14     | Noticed a vault guard
 17359 | D:14     | Noticed a vault guard
 17362 | D:14     | Noticed a vault guard
 17362 | D:14     | Noticed a vault guard
 17427 | D:13     | Killed a vault guard
 17438 | D:13     | Killed a vault guard
 17475 | D:14     | Identified the +5 plate armour of Grace {rElec Slay+2}
 17526 | D:13     | Killed a vault guard
 17573 | Bazaar   | Entered a bazaar
 17573 | Bazaar   | Found Ican's Book Shop.
 17573 | Bazaar   | Found Ruonnirph's Gadget Shop.
 17573 | Bazaar   | Found Naawk's Antique Armour Shoppe.
 17575 | Bazaar   | Found Tiniza's Antique Weapon Shoppe.
 17575 | Bazaar   | Found Immu's Food Boutique.
 17622 | Bazaar   | Bought the +0 mask of the Dragon {MR+ Slay+3 SInv} for 601
                  | gold pieces
 17622 | Bazaar   | Found the +0 mask of the Dragon {MR+ Slay+3 SInv}
 17628 | Bazaar   | Bought an ichor-stained long sword for 221 gold pieces
 17628 | Bazaar   | Identified the +3 long sword of Lutweuke {flame, Str+4}
                  | (You bought it in a shop in a bazaar)
 17736 | D:14     | Killed a vault guard
 18130 | D:14     | Noticed a four-headed hydra
 18136 | D:14     | Killed a four-headed hydra
 18179 | D:14     | Killed a vault guard
 18259 | D:14     | Killed a vault guard
 18405 | D:14     | Found a gate to the Vaults.
 18425 | D:14     | Received a gift from Okawaru
 18591 | D:14     | Paralysed by a hornet for 2 turns
 18651 | D:14     | Reached XP level 13. HP: 128/129 MP: 14/14
 19027 | D:15     | Entered Level 15 of the Dungeon
 19362 | Orc:1    | Entered Level 1 of the Orcish Mines
 19518 | Orc:2    | Entered Level 2 of the Orcish Mines
 19686 | Orc:2    | Gained mutation: Your body sometimes deteriorates upon
                  | taking damage. [a neqoxec]
 19830 | Orc:2    | Received a gift from Okawaru
 19889 | Orc:2    | Paralysed by an orc sorcerer for 6 turns
 19937 | Orc:2    | Found Goolaceorgh's Armour Shop.
 19937 | Orc:2    | Found Qylia's Distillery.
 19946 | Orc:2    | Found Miygoc's Jewellery Shop.
 19946 | Orc:2    | Found Afaom's Assorted Antiques.
 19965 | Orc:2    | Bought an uncursed amulet of regeneration for 390 gold
                  | pieces
 20197 | Orc:2    | Found a staircase to the Elven Halls.
 20215 | Orc:2    | Received a gift from Okawaru
 20895 | D:4      | Killed Dowan
 20943 | D:4      | Noticed milk's ghost (amateur MiFi)
 20972 | D:4      | Found a burning altar of Makhleb.
 21057 | D:4      | Killed milk's ghost
 21548 | D:9      | Found an ancient bone altar of Kikubaaqudgha.
 21824 | D:9      | Found a shadowy altar of Dithmenos.
 21999 | D:9      | Found a staircase to the Lair.
 22013 | Lair:1   | Entered Level 1 of the Lair of Beasts
 22035 | Lair:1   | Noticed Urug
 22041 | Lair:1   | Killed Urug
 22354 | Lair:1   | Got a shimmering trident
 22355 | Lair:1   | Identified the +8 trident "Raisin" {elec, Fragile +Inv rF+}
                  | (You found it on level 1 of the Lair of Beasts)
 22488 | Lair:1   | Received a gift from Okawaru
 22616 | Lair:1   | Lost mutation: Your body sometimes deteriorates upon taking
                  | damage. [potion of mutation]
 22616 | Lair:1   | Lost mutation: You are robust. (+10% HP) [potion of
                  | mutation]
 22616 | Lair:1   | Lost mutation: You have a pair of small antennae on your
                  | head. [potion of mutation]
 22616 | Lair:1   | Gained mutation: Your magical capacity is low. (-10% MP)
                  | [potion of mutation]
 22616 | Lair:1   | Gained mutation: Your spells are a little easier to cast,
                  | but a little less powerful. [potion of mutation]
 22616 | Lair:1   | Gained mutation: Your magical capacity is very low. (-20%
                  | MP) [potion of mutation]
 22616 | Lair:1   | Lost mutation: Your spells are a little easier to cast, but
                  | a little less powerful. [potion of mutation]
 23268 | Lair:2   | Found a hide-covered altar of Uskayaw.
 23285 | Lair:2   | Noticed Sonja
 23296 | Lair:2   | Killed Sonja
 23396 | Lair:2   | Noticed Fannar
 23410 | Lair:2   | Killed Fannar
 23410 | Lair:2   | Reached XP level 14. HP: 116/126 MP: 12/12
 23869 | Lair:3   | Reached ****** piety under Okawaru
 24381 | Lair:3   | Found a staircase to the Swamp.
 25186 | Lair:4   | Found a staircase to the Snake Pit.
 25312 | Lair:4   | Received a gift from Okawaru
 25419 | Lair:4   | Found a hazy altar of Hepliaklqana.
 25629 | Lair:4   | Found a runed translucent gate.
 25629 | Lair:4   | Found a runed translucent gate.
 25629 | Lair:4   | Found a runed translucent gate.
 25632 | Lair:4   | Noticed Oseuty Gilid's ghost (journeyman TrMo)
 25839 | Lair:5   | Received a gift from Okawaru
 26075 | Lair:5   | Found a viscous altar of Jiyva.
 26075 | Lair:5   | Found a staircase to the Slime Pits.
 26256 | Lair:5   | Identified a scroll of acquirement
 26258 | Lair:5   | Identified the +8 longbow of Ymoskav {flame, rPois rN+}
                  | (You acquired it on level 5 of the Lair of Beasts)
 26325 | Lair:5   | Received a gift from Okawaru
 26847 | Lair:6   | Entered Level 6 of the Lair of Beasts
 26852 | Lair:6   | Received a gift from Okawaru
 27132 | Lair:6   | Received a gift from Okawaru
 27314 | Lair:6   | HP: 6/126 [spiny frog (9)]
 27345 | Lair:6   | HP: 6/126 [spiny frog (15)]
 27481 | Lair:6   | Reached XP level 15. HP: 132/132 MP: 12/12
 28085 | Lair:6   | Received a gift from Okawaru
 28700 | Snake:1  | Entered Level 1 of the Snake Pit
 28700 | Snake:1  | Noticed Kirke
 28705 | Snake:1  | Received a gift from Okawaru
 28711 | Snake:1  | Killed Kirke
 28883 | Snake:1  | Noticed Aizul
 28922 | Snake:1  | Received a gift from Okawaru
 28935 | Snake:1  | Killed Aizul
 28979 | Snake:1  | Received a gift from Okawaru
 29102 | Snake:1  | Reached skill level 27 in Bows
 29992 | Snake:2  | Received a gift from Okawaru
 30292 | Snake:2  | Reached XP level 16. HP: 144/144 MP: 13/13
 30374 | Snake:2  | Received a gift from Okawaru
 31086 | Snake:3  | Received a gift from Okawaru
 31249 | Snake:3  | Received a gift from Okawaru
 31383 | Snake:3  | Received a gift from Okawaru
 31488 | Snake:3  | Reached skill level 5 in Dodging
 31524 | Snake:3  | Received a gift from Okawaru
 31527 | Snake:3  | Got a pitted centaur barding {god gift}
 31528 | Snake:3  | Identified the -1 centaur barding of Cocytus {rF+ rN+ Int+9
                  | Dex-3} (Okawaru gifted it to you on level 3 of the Snake
                  | Pit)
 31587 | Snake:3  | Reached skill level 15 in Fighting
 31648 | Snake:3  | Found a glowing golden altar of the Shining One.
 31943 | Snake:4  | Entered Level 4 of the Snake Pit
 31960 | Snake:4  | Noticed Asterion
 31968 | Snake:4  | Noticed an Executioner
 31975 | Snake:4  | Killed Asterion
 32425 | Snake:4  | Noticed Louise
 32445 | Snake:4  | Killed Louise
 32834 | Snake:4  | Received a gift from Okawaru
 32871 | Snake:4  | Reached XP level 17. HP: 159/159 MP: 14/14
 33276 | Snake:4  | Received a gift from Okawaru
 33585 | Snake:4  | Received a gift from Okawaru
 33653 | Snake:4  | Got a serpentine rune of Zot
 33974 | Swamp:1  | Entered Level 1 of the Swamp
 35068 | Swamp:3  | Received a gift from Okawaru
 35095 | Swamp:3  | Reached XP level 18. HP: 173/173 MP: 16/16
 35339 | Swamp:4  | Entered Level 4 of the Swamp
 35624 | D:8      | Bought a pair of embroidered gloves for 240 gold pieces
 35835 | D:15     | Found a staircase to the Depths.
 35934 | D:15     | Found a sacrificial altar of Ru.
 36510 | Elf:1    | Entered Level 1 of the Elven Halls
 36635 | Elf:1    | Received a gift from Okawaru
 37370 | Elf:1    | Received a gift from Okawaru
 37373 | Elf:1    | Got a pair of transparent gloves {god gift}
 37375 | Elf:1    | Identified the +1 pair of gloves of the Valley {+Fly rN+
                  | Int+3 Stlth+} (Okawaru gifted it to you on level 1 of the
                  | Elven Halls)
 37553 | Elf:1    | Reached skill level 10 in Dodging
 37614 | Elf:1    | Found a runed translucent gate.
 37614 | Elf:1    | Found a runed translucent gate.
 37614 | Elf:1    | Found a runed translucent gate.
 37614 | Elf:1    | Found a runed translucent gate.
 37614 | Elf:1    | Found a runed translucent gate.
 37618 | Elf:1    | Found a runed translucent gate.
 37720 | Elf:1    | Found a bloodstained altar of Trog.
 38095 | Elf:2    | Found a runed translucent gate.
 38114 | Elf:2    | Upgraded the game from 0.25-a0-1024-gbfbf38f2cb to
                  | 0.25-a0-1056-g2efb326896
 38190 | Elf:2    | Noticed Agnes
 38201 | Elf:2    | Killed Agnes
 38373 | Elf:2    | Received a gift from Okawaru
 38636 | Elf:2    | Found a runed translucent gate.
 38636 | Elf:2    | Found a runed translucent gate.
 38779 | Elf:2    | Received a gift from Okawaru
 39130 | Elf:2    | Found Nivuotz's Weapon Emporium.
 39139 | Elf:2    | Bought 18 arrows for 68 gold pieces
 39219 | Elf:3    | Entered Level 3 of the Elven Halls
 39224 | Elf:3    | Reached XP level 19. HP: 181/181 MP: 17/17
 39677 | Elf:3    | Identified the ring of Fylar {*Contam rElec rF+ MP+9}
 39734 | Elf:3    | Identified the +5 rapier of Defiance {vorpal, rElec rPois
                  | rC+}
 39745 | Elf:3    | Received a gift from Okawaru
 39923 | Elf:3    | Found the +3 robe of Clouds {+Thunder rCloud rElec}
 41145 | Slime:1  | Entered Level 1 of the Pits of Slime
 41147 | Slime:1  | Gained mutation: Scrolls take you a little longer to read.
                  | [a shining eye]
 41217 | Slime:2  | Received a gift from Okawaru
 41337 | D:9      | Lost mutation: Scrolls take you a little longer to read.
                  | [potion of mutation]
 41337 | D:9      | Lost mutation: You are weak. (Str -2) [potion of mutation]
 41337 | D:9      | Gained mutation: You can translocate small distances at
                  | will. [potion of mutation]
 41337 | D:9      | Gained mutation: You have supernaturally acute eyesight.
                  | (SInv) [potion of mutation]
 41461 | D:9      | Found a snail-covered altar of Cheibriados.
 42360 | Swamp:4  | Received a gift from Okawaru
 42366 | Swamp:4  | Got a jewelled shortbow {god gift}
 42594 | Swamp:4  | Identified the +0 shortbow "Hugus" {freeze, *Drain +Fly
                  | rElec rF+} (Okawaru gifted it to you on level 4 of the
                  | Swamp)
 43433 | Swamp:4  | Was placed under penance by Okawaru
 43527 | Swamp:4  | Noticed a bone dragon
 43537 | Swamp:4  | Killed a bone dragon
 43537 | Swamp:4  | Was forgiven by Okawaru
 43554 | Swamp:4  | Got a decaying rune of Zot
 43979 | Vaults:1 | Entered Level 1 of the Vaults
 43983 | Vaults:1 | Reached XP level 20. HP: 182/182 MP: 18/18
 44079 | Vaults:1 | Received a gift from Okawaru
 44459 | Vaults:1 | Received a gift from Okawaru
 44459 | Vaults:1 | Reached skill level 15 in Dodging
 44967 | Vaults:1 | Received a gift from Okawaru
 45127 | Vaults:1 | Received a gift from Okawaru
 45994 | Vaults:2 | Noticed Margery
 46008 | Vaults:2 | Killed Margery
 46010 | Vaults:2 | Noticed Xtahua
 46272 | Vaults:2 | Killed Xtahua
 46352 | Vaults:2 | Reached skill level 1 in Invocations
 46445 | Vaults:2 | You fall into a shaft and drop 2 floors!
 46502 | Vaults:4 | Received a gift from Okawaru
 46513 | Vaults:4 | Got a scorched centaur barding {god gift}
 46524 | Vaults:4 | Identified the +1 centaur barding of the Bagpipe {rF+ MR+
                  | MP+9 Str+4} (Okawaru gifted it to you on level 4 of the
                  | Vaults)
 46596 | Vaults:4 | Found a ruined gateway.
 46634 | Desolati | Entered the Desolation of Salt
 47073 | Desolati | Reached skill level 5 in Invocations
 47250 | Desolati | Reached XP level 21. HP: 171/188 MP: 20/20
 47337 | Desolati | Found the +5 robe of Night {Dark MR+ SInv}
 47461 | Desolati | Got a flickering turquoise ring
 47462 | Desolati | Identified the ring of the Present {*Slow +Fly rN+++ MP-9
                  | Int+6} (You found it in the Desolation of Salt)
 47466 | Desolati | Got a coiled emerald amulet
 47467 | Desolati | Identified the amulet "Docimuul" {Reflect rF++ Str+6 Dex-2}
                  | (You found it in the Desolation of Salt)
 48107 | Vaults:4 | Received a gift from Okawaru
 48847 | Vaults:4 | Reached skill level 10 in Invocations
 49109 | Vaults:5 | Entered Level 5 of the Vaults
 49117 | Vaults:5 | Received a gift from Okawaru
 49125 | Vaults:5 | Noticed Boris
 49271 | Vaults:5 | Found the +6 shillelagh "Devastator" {shatter}
 49372 | Vaults:5 | Killed Boris
 49565 | Vaults:5 | Reached XP level 22. HP: 193/197 MP: 25/25
 49581 | Vaults:5 | Received a gift from Okawaru
 49630 | Vaults:5 | Identified the Catalogue of Aerial Flames
 49855 | Vaults:5 | Reached skill level 15 in Invocations
 49937 | Vaults:5 | Identified the +8 morningstar of Perversion {elec, rPois
                  | rF- MR+++ SInv}
 50096 | Vaults:5 | Got a silver rune of Zot
 50511 | Vaults:5 | Noticed Jory
 50530 | Vaults:5 | Killed Jory
 50530 | Vaults:5 | Received a gift from Okawaru
 50819 | Vaults:5 | Received a gift from Okawaru
 50843 | Vaults:5 | Found Plog's Assorted Antiques.
 50874 | Vaults:5 | Bought a scroll of immolation for 140 gold pieces
 50874 | Vaults:5 | Bought a scroll of fog for 80 gold pieces
 50874 | Vaults:5 | Bought a potion of might for 160 gold pieces
 50874 | Vaults:5 | Bought a wand of acid (7) for 320 gold pieces
 51091 | Vaults:5 | Found Tuqibb's Assorted Antiques.
 51097 | Vaults:5 | Bought a scroll of enchant weapon for 262 gold pieces
 51097 | Vaults:5 | Bought a scroll of magic mapping for 122 gold pieces
 51097 | Vaults:5 | Bought a potion of curing for 105 gold pieces
 51097 | Vaults:5 | Bought a scroll of identify for 70 gold pieces
 51097 | Vaults:5 | Bought the +2 hat of the Bear Spirit {Spirit, +Rage rN+
                  | MR++} for 1368 gold pieces
 51097 | Vaults:5 | Found the +2 hat of the Bear Spirit {Spirit, +Rage rN+
                  | MR++}
 51304 | Vaults:3 | Received a gift from Okawaru
 51360 | Vaults:3 | Found a staircase to the Crypt.
 51471 | Vaults:3 | Identified the ring of Eptawul {Fire Str+5 Int+2}
 51484 | Vaults:3 | You fall into a shaft and drop 1 floor!
 51691 | Vaults:3 | You fall into a shaft and drop 1 floor!
 52230 | Depths:1 | Entered Level 1 of the Depths
 52230 | Depths:1 | Found a one-way gate to the infinite horrors of the Abyss.
 52230 | Depths:1 | Found Vetrethry's Gadget Boutique.
 52235 | Depths:1 | Got a heavily runed tin ring
 52237 | Depths:1 | Identified the ring of Voguados {MP+9 Dex+3} (You found it
                  | on level 1 of the Depths)
 52244 | Depths:1 | Found an iron altar of Okawaru.
 52260 | Depths:1 | Found Xinemaixa's Jewellery Boutique.
 52343 | Depths:1 | Noticed Boris
 52353 | Depths:1 | Killed Boris
 52409 | Depths:1 | Found Ymmoacvepa's Magic Scroll Emporium.
 52418 | Depths:1 | Bought the ring of Rylaecwu {rN+ Slay+3 Stlth+} for 784
                  | gold pieces
 52444 | Depths:1 | Found Sephuumn's Magic Scroll Shoppe.
 52464 | Depths:1 | Bought a scroll of teleportation for 60 gold pieces
 52464 | Depths:1 | Bought a scroll of fear for 70 gold pieces
 52464 | Depths:1 | Bought a scroll of teleportation for 60 gold pieces
 52472 | Depths:1 | Found a one-way gate leading to the halls of Pandemonium.
 52502 | Depths:1 | Received a gift from Okawaru
 52514 | Depths:1 | Reached XP level 23. HP: 204/204 MP: 28/28
 52561 | Depths:1 | Found Desusch's Magic Scroll Shoppe.
 52569 | Depths:1 | Bought a scroll of fear for 84 gold pieces
 52569 | Depths:1 | Bought a scroll of enchant armour for 180 gold pieces
 52636 | Depths:1 | Bought a scroll of enchant armour for 120 gold pieces
 52636 | Depths:1 | Bought a scroll of blinking for 120 gold pieces
 52636 | Depths:1 | Bought a scroll of identify for 32 gold pieces
 52636 | Depths:1 | Bought a scroll of teleportation for 48 gold pieces
 52798 | Depths:1 | Found a gateway to Hell.
 53369 | Depths:2 | Received a gift from Okawaru
 53611 | Depths:2 | Identified the Disquisition on Translocation and the
                  | Mountains
 53655 | Depths:2 | Found a gateway to a bazaar.
 54077 | Depths:2 | Received a gift from Okawaru
 54379 | Depths:3 | Found a gateway to a ziggurat.
 54631 | Depths:3 | Noticed the Enchantress
 54664 | Depths:3 | Received a gift from Okawaru
 54732 | Depths:3 | Killed the Enchantress
 55017 | Depths:3 | Noticed Boris
 55030 | Depths:3 | Killed Boris
 55030 | Depths:3 | Received a gift from Okawaru
 55137 | Depths:3 | Received a gift from Okawaru
 55192 | Depths:3 | Identified the +2 robe of Dishonesty {rF+}
 55192 | Depths:3 | Identified the ring "Qopovod" {*Contam *Drain rPois rC+++
                  | Dex+5 Stlth+}
 55204 | Depths:3 | Found a shadowy altar of Dithmenos.
 55210 | Depths:3 | Reached XP level 24. HP: 223/223 MP: 28/28
 55244 | Depths:3 | Received a gift from Okawaru
 55561 | Depths:3 | Received a gift from Okawaru
 56026 | Depths:4 | Found Laulaplu's Assorted Antiques.
 56217 | Depths:4 | Found Binu's Weapon Shop.
 56217 | Depths:4 | Found Tusom's Magic Scroll Boutique.
 56228 | Depths:4 | Found Nycid's Gadget Boutique.
 56231 | Depths:4 | Bought a scroll of teleportation for 57 gold pieces
 56238 | Depths:4 | Bought a phantom mirror for 600 gold pieces
 56241 | Depths:4 | Bought 28 arrows for 84 gold pieces
 56769 | Depths:4 | Received a gift from Okawaru
 56782 | Depths:4 | Got a smoking shortbow {god gift}
 56783 | Depths:4 | Identified the +7 shortbow of Calculation {freeze, +Blink
                  | rN+} (Okawaru gifted it to you on level 4 of the Depths)
 57096 | Depths:4 | Identified the +2 scythe of Gloom {flame, rN+ Dex+2}
 57110 | Depths:4 | Noticed an ancient lich
 57118 | Depths:4 | Killed an ancient lich
 57759 | Slime:2  | Gained mutation: You are dopey. (Int -2) [a shining eye]
 57890 | Slime:4  | Gained mutation: Potions are less effective at restoring
                  | your health. [a shining eye]
 57966 | Slime:4  | Received a gift from Okawaru
 58021 | Slime:5  | Entered Level 5 of the Pits of Slime
 58110 | Slime:5  | Gained mutation: Your magical capacity is extremely low.
                  | (-30% MP) [a shining eye]
 58135 | Slime:5  | Received a gift from Okawaru
 58432 | Slime:5  | Received a gift from Okawaru
 58475 | Slime:5  | Paralysed by a floating eye for 4 turns
 58556 | Slime:5  | Found a viscous altar of Jiyva.
 58559 | Slime:5  | Reached XP level 25. HP: 238/238 MP: 25/25
 58559 | Slime:5  | Noticed the Royal Jelly
 58581 | Slime:5  | Was placed under penance by Okawaru
 58682 | Slime:5  | Killed the Royal Jelly
 58682 | Slime:5  | Was forgiven by Okawaru
 58857 | Slime:5  | Got a shimmering platinum amulet
 58859 | Slime:5  | Identified the amulet "Vyurghyoku" {Spirit rPois MP+9 Str-5
                  | Int+2} (You found it on level 5 of the Pits of Slime)
 58893 | Slime:5  | Identified the Compendium of Unholy Rituals
 58948 | Slime:5  | Got a slimy rune of Zot
 59665 | Depths:5 | Entered Level 5 of the Depths
 59905 | Depths:5 | Found a shimmering altar of Xom.
 59905 | Depths:5 | Found a blossoming altar of Fedhas.
 59906 | Depths:5 | Found a snail-covered altar of Cheibriados.
 60210 | Depths:5 | Found a gate to the Realm of Zot.
 60327 | Depths:5 | Received a gift from Okawaru
 60349 | Depths:5 | Noticed a juggernaut
 60354 | Depths:5 | Killed a juggernaut
 60494 | Depths:5 | Reached skill level 5 in Evocations
 60691 | Depths:5 | Received a gift from Okawaru
 61236 | Depths:5 | Noticed a juggernaut
 61256 | Depths:5 | Noticed Frederick
 61278 | Depths:5 | Killed a juggernaut
 61287 | Depths:5 | Killed Frederick
 61815 | Hell     | Entered the Vestibule of Hell
 61815 | Hell     | Noticed Geryon
 61851 | Hell     | Killed Geryon
 61857 | Hell     | Reached XP level 26. HP: 206/254 MP: 25/25
 62009 | Hell     | Found a gateway to the decaying netherworld of Tartarus.
 62113 | Hell     | Received a gift from Okawaru
 62264 | Hell     | Received a gift from Okawaru
 62270 | Hell     | Found a gateway to the ashen valley of Gehenna.
 62389 | Hell     | Found a gateway to the Iron City of Dis.
 62634 | Hell     | Found a gateway to the freezing wastes of Cocytus.
 63252 | Orc:2    | Bought a +0 centaur barding of cold resistance for 480 gold
                  | pieces
 63711 | Coc:1    | Entered Level 1 of Cocytus
 65371 | Vaults:3 | Found Kaafaub's Distillery.
 65379 | Vaults:3 | Bought a potion of haste for 180 gold pieces
 65733 | Vaults:3 | Received a gift from Okawaru
 65996 | Crypt:1  | Entered Level 1 of the Crypt
 66739 | Crypt:2  | Reached skill level 27 in Fighting
 66754 | Crypt:2  | Learned a level 8 spell: Ignition
 66885 | Crypt:2  | Reached skill level 1 in Spellcasting
 66908 | Crypt:3  | Entered Level 3 of the Crypt
 66921 | Crypt:3  | Reached skill level 1 in Fire Magic
 67282 | Crypt:3  | Found a staircase to the Tomb.
 67482 | Crypt:3  | Found an ancient bone altar of Kikubaaqudgha.
 67810 | Crypt:3  | Reached XP level 27. HP: 268/268 MP: 25/25
 67938 | Crypt:3  | Reached skill level 5 in Fire Magic
 68067 | Crypt:3  | Identified Puxar's Handbook of Ashen Evil
 68187 | Crypt:3  | Got a slimy iron ring
 68191 | Crypt:3  | Identified the ring of Jenouqea {+Fly rN+} (You found it on
                  | level 3 of the Crypt)
 68194 | Crypt:3  | Got a steaming ivory ring
 68196 | Crypt:3  | Identified the ring of Rasut {+Fly rF+ rN+ Str+4 Dex-3}
                  | (You found it on level 3 of the Crypt)
 68558 | Lair:1   | Identified Ystroran's Volume of Toxins and the Arsonist
                  | (You acquired it on level 1 of the Lair of Beasts)
 68558 | Lair:1   | Identified the +6 scale mail of Fosymel {rC+ rCorr Dex-3
                  | SInv} (You acquired it on level 1 of the Lair of Beasts)
 68580 | Lair:1   | Identified the +8 centaur barding "Xireack" {-Cast rElec
                  | rPois Str+3} (You acquired it on level 1 of the Lair of
                  | Beasts)
 68793 | Depths:1 | Voluntarily entered the Abyss.
 68864 | Abyss:1  | Reached skill level 5 in Spellcasting
 69185 | Abyss:1  | Found a roughly hewn altar of Beogh.
 69239 | Abyss:2  | Found a roughly hewn altar of Beogh.
 69262 | Abyss:2  | Identified the ring "Jatul" {rPois MR+ Int+2 Dex+6} (You
                  | acquired it on level 2 of the Abyss)
 69315 | Abyss:2  | Received a gift from Okawaru
 69476 | Abyss:3  | Identified the Guide on Blistering Stones
 69603 | Abyss:3  | Found a corrupted altar of Lugonu.
 69714 | Abyss:3  | Received a gift from Okawaru
 70687 | Abyss:4  | Found a corrupted altar of Lugonu.
 70780 | Abyss:4  | Noticed an ancient lich
 70815 | Abyss:4  | Killed an ancient lich
 70907 | Abyss:4  | Gained mutation: You are frail. (-10% HP) [a neqoxec]
 71076 | Abyss:4  | Paralysed by accursed screaming for 1 turns
 71081 | Abyss:5  | Entered Level 5 of the Abyss
 71120 | Abyss:5  | Reached skill level 10 in Fire Magic
 71228 | Abyss:5  | Found a radiant altar of Vehumet.
 71330 | Abyss:5  | Received a gift from Okawaru
 71891 | Depths:1 | Escaped the Abyss
 71893 | Depths:1 | Received a gift from Okawaru
 71978 | Depths:1 | Learned a level 6 spell: Starburst
 71985 | Depths:1 | Learned a level 4 spell: Leda's Liquefaction
 72265 | D:8      | Bought the +4 robe of Augmentation {Str+4 Int+4 Dex+4} for
                  | 1692 gold pieces
 72265 | D:8      | Found the +4 robe of Augmentation {Str+4 Int+4 Dex+4}
 72342 | Lair:1   | Lost mutation: You are frail. (-10% HP) [potion of
                  | mutation]
 72342 | Lair:1   | Lost mutation: You are very dopey. (Int -4) [potion of
                  | mutation]
 72342 | Lair:1   | Lost mutation: Potions cannot restore your health. [potion
                  | of mutation]
 72342 | Lair:1   | Lost mutation: Your magical capacity is extremely low.
                  | (-30% MP) [potion of mutation]
 72342 | Lair:1   | Lost mutation: Your magical capacity is very low. (-20% MP)
                  | [potion of mutation]
 72342 | Lair:1   | Gained mutation: You are resistant to hostile enchantments.
                  | (MR+) [potion of mutation]
 72554 | Vaults:3 | Bought 2 potions of mutation for 288 gold pieces
 72554 | Vaults:3 | Lost mutation: Your magical capacity is low. (-10% MP)
                  | [potion of mutation]
 72554 | Vaults:3 | Lost mutation: You can translocate small distances at will.
                  | [potion of mutation]
 72554 | Vaults:3 | Lost mutation: You are resistant to hostile enchantments.
                  | (MR+) [potion of mutation]
 72554 | Vaults:3 | Gained mutation: You evolve. [potion of mutation]
 72554 | Vaults:3 | Lost mutation: You have supernaturally acute eyesight.
                  | (SInv) [potion of mutation]
 72554 | Vaults:3 | Gained mutation: You have a beak for a mouth. [potion of
                  | mutation]
 72573 | Vaults:3 | Learned a level 5 spell: Fireball
 72925 | Zot:1    | Entered Level 1 of the Realm of Zot
 73153 | Zot:1    | Reached skill level 10 in Spellcasting
 73288 | Zot:1    | You fall into a shaft and drop 1 floor!
 73489 | Zot:2    | Received a gift from Okawaru
 73490 | Zot:2    | Found the +10 tower shield of Ignorance {rN+ Int-4}
 75085 | Zot:3    | Noticed an orb of fire
 75086 | Zot:3    | Gained mutation: You have a pair of small antennae on your
                  | head. [an orb of fire]
 75093 | Zot:3    | Killed an orb of fire
 76189 | Zot:3    | Received a gift from Okawaru
 76233 | Zot:3    | Learned a level 3 spell: Inner Flame
 77584 | Zot:1    | Gained mutation: Your mind is acute. (Int +2) [evolution]
 77885 | Zot:1    | Got an ancient robe
 77886 | Zot:1    | Identified the +2 robe of Erhad {+Blink Dex+3} (You found
                  | it on level 1 of the Realm of Zot)
 78953 | Zot:1    | Received a gift from Okawaru
 79540 | Depths:1 | Voluntarily entered the Abyss.
 79572 | Abyss:1  | Reached skill level 1 in Staves
 79902 | Abyss:1  | Noticed an ancient lich
 79920 | Abyss:1  | Killed an ancient lich
 79920 | Abyss:1  | Reached skill level 5 in Staves
 80030 | Abyss:1  | Found a corrupted altar of Lugonu.
 80366 | Abyss:3  | Found a corrupted altar of Lugonu.
 80796 | Abyss:3  | Received a gift from Okawaru
 80983 | Abyss:4  | Found a corrupted altar of Lugonu.
 81187 | Abyss:4  | Paralysed by accursed screaming for 1 turns
 81239 | Abyss:4  | Reached skill level 10 in Staves
 81371 | Depths:1 | Escaped the Abyss
 82369 | Geh:1    | Entered Level 1 of Gehenna
 82814 | Geh:1    | Received a gift from Okawaru
 82910 | Geh:1    | Reached skill level 15 in Fire Magic
 84153 | Geh:3    | You fall into a shaft and drop 2 floors!
 84176 | Geh:5    | Gained mutation: You are weak. (Str -2) [mutagenic glow]
 84360 | Dis:1    | Entered Level 1 of the Iron City of Dis
 85128 | Dis:2    | You fall into a shaft and drop 2 floors!
 85375 | Dis:4    | Received a gift from Okawaru
 85627 | Dis:4    | Received a gift from Okawaru
 85683 | Dis:4    | Upgraded the game from 0.25-a0-1056-g2efb326896 to
                  | 0.25-a0-1073-gf4359a17dd
 85875 | Dis:5    | You fall into a shaft and drop 1 floor!
 86043 | Dis:6    | Reached skill level 15 in Spellcasting
 86105 | Dis:7    | Entered Level 7 of the Iron City of Dis
 86368 | Dis:7    | Lost mutation: You are weak. (Str -2) [evolution]
 86432 | Dis:7    | Received a gift from Okawaru
 86451 | Dis:7    | Received a gift from Okawaru
 86642 | Dis:7    | Learned a level 7 spell: Ring of Flames
 87406 | Dis:7    | Noticed the Serpent of Hell
 87447 | Dis:7    | Killed the Serpent of Hell
 87454 | Dis:7    | Received a gift from Okawaru
 87603 | Dis:7    | Received a gift from Okawaru
 87606 | Dis:7    | Got a polished longbow {god gift}
 87607 | Dis:7    | Identified the +9 longbow of Stickiness {venom, Fragile
                  | rElec rPois Dex+6} (Okawaru gifted it to you on level 7 of
                  | the Iron City of Dis)
 87843 | Dis:7    | Identified the +4 staff of Dispater
 87843 | Dis:7    | Noticed Dispater
 87961 | Dis:7    | Killed Dispater
 88150 | Dis:7    | Identified Maotorgh's Papyrus of the Sinister Rocks
 88152 | Dis:7    | Identified Havowuif's Almanac of Transmutation
 88156 | Dis:7    | Got an iron rune of Zot
 88902 | Coc:3    | Received a gift from Okawaru
 88955 | Coc:3    | HP: 12/273 [shard shrike/shard of ice (57)]
 88955 | Coc:3    | Demolished by a shard shrike

Illustrated notes

Levels and vault maps discovered:
D:1:      tarquinn_simple_flora_water_d, layout_rooms, minmay_pentomino_o2
D:2:      layout_loops_corners, lemuel_doored_altar,
          nicolae_overflow_crystal_walls, uniq_robin
D:3:      layout_basic, grunt_temple_overflow_magic_moments,
          yredelemnul_forgotten_temple_becter
D:4:      layout_cave_pools, kennysheep_mini, gammafunk_ghost_nasty_kobolds,
          portal_sewer_entry_a, uniq_duvessa
D:5:      layout_loops_ring, lemuel_crystal_altar,
          nicolae_gozag_zags_fifth_avenue, first_ration, basic_altar
D:6:      minmay_chambers_of_sixes, layout_basic, nemelex_altar_shiori,
          temple_pool_b
D:7:      minmay_the_grid_four_pointed_star
          [minmay_the_grid_triangle_9x9_corrupted_corridor,
          minmay_the_grid_triangle_9x9_cache,
          minmay_the_grid_triangle_9x9_alien,
          minmay_the_grid_triangle_9x9_skeleton,
          minmay_the_grid_prize_four_corners_diamond_b], layout_loops_ring
D:8:      layout_basic, grunt_temple_overflow_order_and_chaos_1, serial_shops,
          shop
D:9:      wander_kiku_kobolds, layout_irregular_city,
          nicolae_dithmenos_shadow_blocks, kennysheep_little_box,
          grunt_lair_entry_orc_guard_hut
D:10:     layout_roguey
D:11:     layout_basic, david_orc_2, david_nohive_1
D:12:     minmay_skewed_foursquare, layout_long_grid, minivault_5,
          ebering_dispersal_statue_hall, minmay_increasing_density
D:13:     layout_loops_ring, serial_shops, bzr_in_the_mist, elyvilon_altar_3
D:14:     layout_grid_maze, ximxim_vaults_locker_room,
          hangedman_decor_clover_reticule, minmay_misc_feat_ornament
D:15:     hangedman_depths_entry_civil_slaughter, layout_irregular_city,
          lemuel_crystal_altar
Temple:   corrupted_temple
Lair:1:   dragon1_lemuel, layout_chaotic_city, grunt_megastairs_1,
          serial_bayou_shore_b, uniq_urug
Lair:2:   layout_hall_layers, basic_altar, uniq_sonja, uniq_fannar
Lair:3:   layout_cave_pods, nicolae_swamp_entry_splash_gauntlet
Lair:4:   layout_hall_layers, minmay_snake_entry_six_corridors, basic_altar,
          gammafunk_ghost_split, wad_woods_road_04
Lair:5:   layout_layer_cave, slime_altar_1, grunt_forest_large_clearing_hut,
          serial_bayou_shore_a, infiniplex_staircase_pool_2
Lair:6:   minmay_lair_end_frog_pond, layout_cave_pods, minmay_lair_oklob_chamber
Swamp:1:  layout_basic_swamp, hangedman_swamp_cone, swamp_pool1
Swamp:2:  layout_basic_swamp, nicolae_swamp_triple_paths, st_swamp_ruins_4
Swamp:3:  layout_falls_marsh, evilmike_swamp_ruin_house_4
Swamp:4:  swamp_pestilence, layout_basic_swamp
Snake:1:  layout_basic, grunt_megastairs_3, uniq_aizul, uniq_kirke
Snake:2:  layout_basic, library_closet
Snake:3:  layout_grid_shapes, basic_altar
Snake:4:  snake_pit_salamanders_mu, layout_layer_cave, uniq_louise,
          uniq_asterion
Slime:1:  layout_caves
Slime:2:  layout_caves
Slime:3:  layout_caves
Slime:4:  layout_caves
Slime:5
Orc:1:    layout_diamond_mine
Orc:2:    st_orc_mages, layout_diamond_mine
Elf:1:    minmay_elf_arrival_circle, layout_geoelf_octagon, orc_legates,
          evilmike_spriggan_trog_shrine
Elf:2:    layout_rooms, serial_shops,
          nicolae_shop_temple_entry_statues_fountains, uniq_agnes
Elf:3:    elf_hall_gauntlet_wide, layout_gridlike
Vaults:1: v_pattern_5, ontoclasm_vaults_ring_large, v_alt_pattern_3,
          nicolae_vaults_border_crossing, v_misc_28, v_misc_33,
          ontoclasm_vaults_twist, v_misc_5, hangedman_vaults_river_flow,
          vaults_room_semicircle, v_alt_pattern_1, layout_vaults_omnicross
Vaults:2: nicolae_vaults_asterisk, hangedman_vaults_stitches,
          nicolae_vaults_shelves_hall, grunt_vaults_trifunnel,
          grunt_vaults_focal, v_pattern_4,
          nicolae_vaults_windows_and_doors_thing, dpeg_vaults_monster_box,
          hangedman_vaults_trim, v_misc_16, layout_vaults_big_room,
          uniq_margery, uniq_xtahua
Vaults:3: minmay_crypt_entry_simple_plaza, hangedman_vaults_restitches,
          nicolae_vaults_sealed_display, v_pattern_1,
          nicolae_vaults_three_branches, v_misc_12, vaults_room_fancy_cross,
          grunt_vaults_hallway_short, nicolae_vaults_network_star,
          vaults_room_stairs_pillars, nicolae_vaults_angled_halls,
          vaults_dpeg_cross, layout_vaults_maze_bifur, serial_shops, shop
Vaults:4: v_rooms_2, nicolae_vaults_little_squares_1, vaults_dpeg_spiral,
          hangedman_vaults_trim, v_misc_18, v_alt_pattern_6, v_misc_15,
          nicolae_vaults_inception_corners, ontoclasm_vaults_decontamination,
          nicolae_vaults_shelves_hall, nicolae_vaults_little_squares_1,
          nicolae_vaults_specimen_jars, vaults_room_grid, vaults_mumra_hexcomb,
          layout_vaults_omnibox, portal_desolation_entry_nicolae_slug
Vaults:5: uniq_boris, uniq_jory
Crypt:1:  layout_gridlike, basic_altar, hex_intersection, minivault_25,
          st_stairs_7, columned_hall_lemuel, grunt_crypt_arrival_split,
          uniq_saint_roka
Crypt:2:  layout_misc_corridors
Crypt:3:  church_of_pain_bobbens, layout_chaotic_city, tomb_entry_simple_bobbens
Depths:1: layout_basic, abyss_entry, pan_entry, serial_shops, shop, shop,
          shop_coins, shop, shop, grunt_hell_horde, minmay_stone_trees_small,
          drop_trap, fountainhead, minmay_gold_behind_fungi, dk_noncrumbling_2,
          minmay_misc_feat_iff, okawaru_ov_weapons_minmay
Depths:2: minmay_heptahexagon, layout_cave_pools, hell_entry, serial_shops,
          statue_bzr, kennysheep_doodads
Depths:3: regret_index_dithmenos_brocken_genspenst, layout_gridlike,
          enter_ziggurat_c, abyss_entry, hell_entry, grunt_pan_entry_in_and_out,
          chequers_serial_rivers_micro_a, drop_trap, minmay_fountain_box,
          moated_statue, due_unseen_surprise, uniq_enchantress
Depths:4: cheibrodos_cascadia, layout_twisted_cross, abyss_entry,
          eino_curves_03, hell_entry, infiniplex_staircase_spiral_double,
          minmay_shoptagon
Depths:5: hangedman_slaughterboxes, hell_entry, abyss_entry, uniq_frederick
Hell
Dis:1:    layout_chaotic_city
Dis:2:    grunt_deathspiral_small, layout_regular_city, lemuel_elevator
Dis:4:    layout_subdivisions
Dis:5:    layout_subdivisions
Dis:6:    layout_regular_city
Dis:7:    iron_city_of_dis [dis_mu, dis_wall_2], layout_chaotic_city
Geh:1:    layout_gehenna_pools_triple, lemuel_flamethrower_3
Geh:2:    layout_gehenna_lava_caves
Geh:3:    layout_gehenna_pools_basic, nicolae_geh_sunburst
Geh:5:    layout_gehenna_pools_box
Coc:1:    layout_ice_bergs
Coc:2:    layout_ice_bergs
Coc:3:    layout_ice_bergs
Coc:4:    layout_ice_bergs
Zot:1:    minmay_elemental_castle, layout_twisted_circle, st_stairs_8
Zot:2:    layout_concentric_octagons
Zot:3:    layout_concentric_octagons

Skill      XL: |  1  2  3  4  5  6  7  8  9 10 11 12 13 14 15 16 17 18 19 20 21 22 23 24 25 26 27 |
---------------+----------------------------------------------------------------------------------+-----
Bows           | 6 7 8 11 14 17 18 19 22 25 27 | 27.0
Armour         | 1 2 3 |  3.0
Short Blades   | 1 2 3 4 |  4.1
Stealth        | 1 |  1.4
Fighting       | 3 5 6 9 12 13 16 18 21 23 25 27 | 27.0
Dodging        | 2 4 5 7 11 14 16 18 19 20 | 20.3
Evocations     | 1 3 4 5 |  5.3
Unarmed Combat | 1 4 |  4.5
Invocations    | 5 13 16 17 18 | 18.1
Spellcasting   | 4 16 | 16.3
Fire Magic     | 4 18 | 18.0
Staves         | 13 | 13.9
Maces & Flails | |  0.1

Action                   |  1- 3 |  4- 6 |  7- 9 | 10-12 | 13-15 | 16-18 | 19-21 | 22-24 | 25-27 || total
-------------------------+-------+-------+-------+-------+-------+-------+-------+-------+-------++-------
Melee: Short sword       |    15 |   233 |   109 |    47 |       |       |       |       |       ||   404
       Whip              |     6 |       |       |       |       |       |       |       |       ||     6
       Kick              |     1 |    44 |    25 |   102 |     4 |     3 |       |       |   965 ||  1144
       Shortbow          |       |       |     1 |       |       |       |       |       |       ||     1
       Unarmed           |       |       |       |   287 |    17 |    10 |       |       |       ||   314
       Punch             |       |       |       |     2 |     1 |       |       |       |       ||     3
       Lajatang          |       |       |       |       |       |       |       |       |  1762 ||  1762
       Peck              |       |       |       |       |       |       |       |       |   556 ||   556
 Fire: Shortbow          |    47 |    59 |   304 |  1278 |       |       |       |       |       ||  1688
       Longbow           |       |       |       |    20 |  1308 |  1351 |  1563 |  1592 |  3238 ||  9072
 Cast: Ignition          |       |       |       |       |       |       |       |       |    47 ||    47
       Fireball          |       |       |       |       |       |       |       |       |    19 ||    19
       Inner Flame       |       |       |       |       |       |       |       |       |    14 ||    14
       Starburst         |       |       |       |       |       |       |       |       |     3 ||     3
       Ring of Flames    |       |       |       |       |       |       |       |       |     1 ||     1
Invok: Finesse           |       |       |       |       |       |       |    11 |     6 |    11 ||    28
       Heroism           |       |       |       |       |       |       |     1 |       |    14 ||    15
 Abil: Blink             |       |       |       |       |       |       |    15 |    15 |    28 ||    58
       Evoke Flight      |       |       |       |       |       |       |       |       |     2 ||     2
       Stop Flying       |       |       |       |       |       |       |       |       |     1 ||     1
Evoke: Wand              |       |       |    39 |    23 |     5 |     1 |     2 |     6 |    14 ||    90
       Phantom mirror    |       |       |       |       |     1 |       |       |       |     1 ||     2
       Horn of Geryon    |       |       |       |       |       |       |       |       |     4 ||     4
  Use: Potion            |       |     8 |     5 |     4 |     4 |     1 |     4 |     2 |    21 ||    49
       Scroll            |       |       |     7 |     7 |    20 |    11 |    23 |    15 |    41 ||   124
 Stab: Distracted        |       |       |       |       |       |       |       |       |     6 ||     6
       Sleeping          |       |       |       |       |       |       |       |       |     5 ||     5
  Eat: Chunk             |       |     6 |    14 |    22 |    26 |    20 |    18 |    19 |    11 ||   136
       Ration            |       |     1 |       |       |       |       |     2 |     3 |    28 ||    34
Armor: Leather armour    |    16 |    67 |    48 |       |       |       |       |       |       ||   131
       Skin              |       |    11 |       |       |       |       |       |       |       ||    11
       Robe              |       |       |       |   152 |   133 |   110 |    84 |    52 |   616 ||  1147
Dodge: Dodged            |    14 |   113 |    99 |   312 |   120 |   186 |   267 |   220 |  2509 ||  3840
       Repelled          |       |       |     7 |    20 |    20 |    37 |    51 |    67 |    85 ||   287
Block: Other             |       |       |       |       |       |       |       |       |   116 ||   116
       Reflection        |       |       |       |       |       |       |       |       |     1 ||     1

Table legend:
 A = Non-vault XP
 B = Vault XP
 C = Vault XP percentage of total XP
 D = Non-vault monster count
 E = Vault monster count
 F = Vault count percentage of total count
                 A         B        C        D         E       F
            +---------+---------+-------+---------+---------+-------
      Total | 1366902 | 1003092 |  42.3 |    2539 |    1232 |  32.7
            +---------+---------+-------+---------+---------+-------
        D:1 |      30 |       5 |  14.3 |      18 |       2 |  10.0
        D:2 |     151 |      34 |  18.4 |      22 |      11 |  33.3
        D:3 |     125 |       1 |   0.8 |      16 |       1 |   5.9
        D:4 |     454 |     773 |  63.0 |      24 |      17 |  41.5
        D:5 |     283 |       0 |   0.0 |       9 |       0 |   0.0
        D:6 |     800 |     401 |  33.4 |      19 |       5 |  20.8
        D:7 |     353 |    3572 |  91.0 |       8 |      18 |  69.2
        D:8 |     846 |       0 |   0.0 |      15 |       0 |   0.0
        D:9 |    1094 |    1815 |  62.4 |      14 |      57 |  80.3
       D:10 |    3464 |      61 |   1.7 |      23 |       1 |   4.2
       D:11 |    1566 |    1058 |  40.3 |      14 |      20 |  58.8
       D:12 |    3983 |    1758 |  30.6 |      29 |       9 |  23.7
       D:13 |    7335 |    3006 |  29.1 |      39 |       3 |   7.1
       D:14 |    4938 |    2942 |  37.3 |      18 |       7 |  28.0
       D:15 |    6822 |    4762 |  41.1 |      16 |       6 |  27.3
     Lair:1 |    6681 |    2754 |  29.2 |      27 |       3 |  10.0
     Lair:2 |    3412 |    1796 |  34.5 |      11 |       2 |  15.4
     Lair:3 |    5879 |     505 |   7.9 |      19 |       3 |  13.6
     Lair:4 |    4969 |    1317 |  21.0 |      22 |      11 |  33.3
     Lair:5 |    4757 |    1192 |  20.0 |      17 |       3 |  15.0
     Lair:6 |   17223 |   14901 |  46.4 |      62 |      50 |  44.6
    Swamp:1 |    7170 |       0 |   0.0 |      18 |       0 |   0.0
    Swamp:2 |    6657 |   12154 |  64.6 |      22 |      15 |  40.5
    Swamp:3 |   17798 |       0 |   0.0 |      35 |       0 |   0.0
    Swamp:4 |   16621 |   15497 |  48.3 |      35 |      41 |  53.9
    Snake:1 |   16718 |    6450 |  27.8 |      32 |       8 |  20.0
    Snake:2 |   26551 |       0 |   0.0 |      51 |       0 |   0.0
    Snake:3 |   22443 |       0 |   0.0 |      46 |       0 |   0.0
    Snake:4 |   13372 |   52624 |  79.7 |      23 |      72 |  75.8
    Slime:1 |    6522 |       0 |   0.0 |       4 |       0 |   0.0
    Slime:2 |   11308 |       0 |   0.0 |      16 |       0 |   0.0
    Slime:3 |    1061 |       0 |   0.0 |       4 |       0 |   0.0
    Slime:4 |    7639 |       0 |   0.0 |      13 |       0 |   0.0
    Slime:5 |   29207 |   30376 |  51.0 |      37 |      15 |  28.8
      Orc:1 |     468 |       0 |   0.0 |       8 |       0 |   0.0
      Orc:2 |    1623 |    5094 |  75.8 |      25 |      44 |  63.8
      Elf:1 |   14647 |   20033 |  57.8 |      25 |      37 |  59.7
      Elf:2 |   13784 |   24241 |  63.8 |      23 |      30 |  56.6
      Elf:3 |   21370 |   32333 |  60.2 |      35 |      21 |  37.5
   Vaults:1 |   18530 |   19891 |  51.8 |      46 |      38 |  45.2
   Vaults:2 |   28872 |   27064 |  48.4 |      57 |      28 |  32.9
   Vaults:3 |   22004 |   16319 |  42.6 |      51 |      32 |  38.6
   Vaults:4 |   39670 |   17309 |  30.4 |      55 |      31 |  36.0
   Vaults:5 |   31726 |  116241 |  78.6 |      51 |      72 |  58.5
    Crypt:1 |    4070 |       0 |   0.0 |       6 |       0 |   0.0
    Crypt:2 |   28896 |       0 |   0.0 |      34 |       0 |   0.0
    Crypt:3 |   14266 |   44898 |  75.9 |      21 |      70 |  76.9
   Depths:1 |   27954 |    2710 |   8.8 |      35 |      11 |  23.9
   Depths:2 |   26835 |   54778 |  67.1 |      40 |      42 |  51.2
   Depths:3 |   59766 |   33862 |  36.2 |      64 |      36 |  36.0
   Depths:4 |   33438 |   29650 |  47.0 |      36 |      23 |  39.0
   Depths:5 |     282 |  146551 |  99.8 |       1 |      86 |  98.9
       Hell |   23972 |   28488 |  54.3 |      32 |      53 |  62.4
      Dis:1 |    2620 |       0 |   0.0 |       7 |       0 |   0.0
      Dis:2 |   29562 |       0 |   0.0 |      72 |       0 |   0.0
      Dis:4 |   40111 |       0 |   0.0 |      89 |       0 |   0.0
      Dis:5 |     339 |       0 |   0.0 |       1 |       0 |   0.0
      Dis:6 |   16918 |       0 |   0.0 |      16 |       0 |   0.0
      Dis:7 |   55469 |  134640 |  70.8 |      65 |      74 |  53.2
      Geh:1 |   37066 |       0 |   0.0 |     118 |       0 |   0.0
      Geh:2 |   14355 |       0 |   0.0 |      38 |       0 |   0.0
      Geh:3 |    9673 |       0 |   0.0 |      19 |       0 |   0.0
      Geh:5 |    2503 |       0 |   0.0 |      12 |       0 |   0.0
      Coc:1 |   13507 |       0 |   0.0 |      21 |       0 |   0.0
      Coc:2 |   18793 |       0 |   0.0 |      51 |       0 |   0.0
      Coc:3 |   13184 |       0 |   0.0 |      27 |       0 |   0.0
      Coc:4 |   15987 |       0 |   0.0 |      27 |       0 |   0.0
      Zot:1 |   30090 |   37092 |  55.2 |      15 |      16 |  51.6
      Zot:2 |   54079 |       0 |   0.0 |      32 |       0 |   0.0
      Zot:3 |   77523 |       0 |   0.0 |      44 |       0 |   0.0
    Abyss:1 |   38799 |     658 |   1.7 |      47 |       4 |   7.8
    Abyss:2 |    9686 |       0 |   0.0 |      20 |       0 |   0.0
    Abyss:3 |  102467 |    6093 |   5.6 |     201 |       9 |   4.3
    Abyss:4 |   56261 |     860 |   1.5 |      98 |       2 |   2.0
    Abyss:5 |   57505 |    2500 |   4.2 |      96 |      15 |  13.5
 Desolation |       0 |   42033 | 100.0 |       0 |      78 | 100.0
            +---------+---------+-------+---------+---------+-------
